 Dungeon Crawl Stone Soup version 0.19.5 (webtiles) character file.

140 JeffiDaFish the Bolt Thrower (level 5, -9/29 HPs)
             Began as a Gargoyle Hunter on Dec 13, 2017.
             Mangled by JeffiDaFish's ghost (11 damage)
             ... on level 3 of the Dungeon.
             The game lasted 00:07:06 (1410 turns).

JeffiDaFish the Bolt Thrower (Gargoyle Hunter)      Turns: 1410, Time: 00:07:06

Health: -9/29      AC:  9    Str: 15    XL:     5   Next: 23%
Magic:  5/5        EV: 12    Int: 12    God:
Gold:   81         SH:  0    Dex: 13    Spells: 0 memorised, 4 levels left

rFire  . . .     SeeInvis .     j - +2 whip (elec)
rCold  . . .     Gourm    .     c - +0 leather armour
rNeg   + . .     Faith    .     (no shield)
rPois  ∞         Spirit   .     (no helmet)
rElec  +         Reflect  .     i - +0 cloak
rCorr  .         Harm     .     (no gloves)
MR     .....                    (no boots)
Stlth  ++........               (no amulet)
                                (no ring)
                                (no ring)

@: no status effects
A: rugged brown scales 1, agile 1, frail 1, negative energy resistance 1,
electricity resistance, unbreathing, petrification resistance, rot immunity, AC
+4
a: no special abilities


You were on level 3 of the Dungeon.
You were not hungry.

You visited 1 branch of the dungeon, and saw 3 of its levels.

You collected 81 gold pieces.

Inventory:

Hand Weapons
 a - a +2 hand crossbow
 j - a +2 whip of electrocution (weapon)
Armour
 c - a +0 leather armour (worn)
 i - a +0 cloak (worn)
Scrolls
 b - 3 scrolls of identify
 k - a scroll of magic mapping
Comestibles
 f - a bread ration
 g - 11 chunks of flesh
 h - 2 meat rations


   Skills:
 * Level 3.2 Fighting
 + Level 1.1 Maces & Flails
 * Level 4.9 Crossbows
 + Level 1.3 Armour
 * Level 2.1 Dodging
 + Level 1.9 Stealth


You had 4 spell levels left.
You didn't know any spells.

Dungeon Overview and Level Annotations

Branches:
Dungeon (3/15)

Altars:
Cheibriados

Annotations:
D:3 JeffiDaFish's ghost, amateur GrMo


Innate Abilities, Weirdness & Mutations

You are resistant to torment.
Your stone body is resilient. (AC +4)
You are immune to poison.
You resist negative energy. (rN+)
You are resistant to electric shocks. (rElec)
You can survive without breathing.
You are immune to petrification.
You are immune to rotting.
You are partially covered in rugged brown scales. (AC +1, +3% HP)
You are agile. (Dex +2)
You are frail. (-10% HP)


Message History

JeffiDaFish's ghost hits you!
You barely miss JeffiDaFish's ghost.
JeffiDaFish's ghost is heavily damaged.
JeffiDaFish's ghost barely misses you.
You hit JeffiDaFish's ghost but do no damage.
JeffiDaFish's ghost is heavily damaged.
JeffiDaFish's ghost hits you.
* * * LOW HITPOINT WARNING * * *
You feel better. JeffiDaFish's ghost closely misses you.
You hit JeffiDaFish's ghost but do no damage.
JeffiDaFish's ghost is heavily damaged.
JeffiDaFish's ghost hits you.
You whack JeffiDaFish's ghost!
JeffiDaFish's ghost is severely damaged.
JeffiDaFish's ghost hits you!
* * * LOW HITPOINT WARNING * * *
You miss JeffiDaFish's ghost.
JeffiDaFish's ghost is severely damaged.
JeffiDaFish's ghost hits you!
You die...

####### ......# ......#
......# #########
......# #.......#
......# #..))!.(#
......#######...@...#
........(.......W((.>...
......####...........(..
......# #..........(...
##.#### #.......)..##..
#..# #....(.....# . ##.#
####(####### .# #.# ..
..


You could see JeffiDaFish's ghost.

Vanquished Creatures
  An orc priest (D:3)
  4 gnolls (D:3)
  An adder (D:3)
  3 worms
  A dart slug (D:2)
  A leopard gecko (D:2)
  4 orcs (D:3)
  4 giant cockroaches
  5 goblins
  3 hobgoblins (D:2)
  3 jackals (D:1)
  3 kobolds
  3 ball pythons (D:2)
  5 bats (D:2)
  2 frilled lizards (D:1)
  8 rats
51 creatures vanquished.

Notes
Turn   | Place    | Note
-------+----------+-------------------------------------------
     0 | D:1      | JeffiDaFish the Gargoyle Hunter began the quest for the Orb.
     0 | D:1      | Reached XP level 1. HP: 12/12 MP: 1/1
    42 | D:1      | Gained mutation: You are partially covered in rugged brown scales. (AC +1, +3% HP) [potion of mutation]
    42 | D:1      | Gained mutation: You are frail. (-10% HP) [potion of mutation]
    42 | D:1      | Gained mutation: You are agile. (Dex +2) [potion of mutation]
   123 | D:1      | Reached XP level 2. HP: 13/15 MP: 2/2
   331 | D:1      | You fall through a shaft!
   331 | D:2      | Found a snail-covered altar of Cheibriados.
   553 | D:2      | Reached XP level 3. HP: 20/20 MP: 3/3
  1256 | D:3      | Reached XP level 4. HP: 25/25 MP: 4/4
  1323 | D:3      | Reached skill level 1 in Maces & Flails
  1325 | D:3      | Reached skill level 1 in Armour
  1378 | D:3      | Reached XP level 5. HP: 29/29 MP: 5/5
  1394 | D:3      | Noticed JeffiDaFish's ghost (amateur GrMo)
  1410 | D:3      | Mangled by JeffiDaFish's ghost

Skill      XL: |  1  2  3  4 |
---------------+-------------+-----
Fighting       | 3 |  3.2
Maces & Flails | 1 |  1.1
Dodging        | 2 |  2.1
Armour         | 1 |  1.3
Crossbows      | |  4.9
Stealth        | |  1.9

Action                   |  1- 3 |  4- 6 || total
-------------------------+-------+-------++-------
Melee: Whip              |    22 |    24 ||    46
 Fire: Hand crossbow     |    74 |    24 ||    98
  Use: Potion            |     7 |     3 ||    10
       Scroll            |     3 |     2 ||     5
  Eat: Chunk             |     1 |     1 ||     2
Armor: Leather armour    |    24 |     4 ||    28
Dodge: Dodged            |    34 |    19 ||    53
